 Dungeon Crawl Stone Soup version 0.28-a0-1622-gc30f734a66 (webtiles) character file.

Game seed: 12822293317804939278

471 Gargoyl the Skirmisher (level 7, -2/59 HPs)
             Began as a Gnoll Abyssal Knight on Jan 23, 2022.
             Was a Priest of Lugonu.
             Slain by a wyvern (5 damage)
             ... on level 4 of the Dungeon.
             The game lasted 00:05:14 (4237 turns).

Gargoyl the Skirmisher (Gnoll Abyssal Knight)       Turns: 4237, Time: 00:05:15

Health: -2/59      AC:  9    Str: 15    XL:     7   Next: 9%
Magic:  10/10      EV: 10    Int:  9    God:    Lugonu [***...]
Gold:   108        SH:  0    Dex: 12    Spells: 10/10 levels left

rFire   . . .      SeeInvis .   a - +1 hand axe
rCold   . . .      Faith    .   (no shield)
rNeg    . . .      Spirit   .   f - +1 scale mail
rPois   .          Reflect  .   c - +0 helmet
rElec   .          Harm     .   (no cloak)
rCorr   .          Rampage  .   (no gloves)
Will    .....                   (no boots)
Stlth   +.........              (no amulet)
HPRegen 0.19/turn               (no ring)
MPRegen 0.12/turn               (no ring)

@: no status effects
A: fangs 1, strong nose, distributed training
a: Renounce Religion, Depart the Abyss, Bend Space, Banish


You were on level 4 of the Dungeon.
You worshipped Lugonu.
Lugonu was most pleased with you.
You visited 1 branch of the dungeon, and saw 4 of its levels.
You visited the Abyss 1 time.

You collected 108 gold pieces.

Inventory:

Hand Weapons
 a - a +1 hand axe (weapon)
Missiles
 h - 6 poisoned darts (quivered)
Armour
 c - a +0 helmet (worn)
 f - a +1 scale mail (worn)
Wands
 b - a wand of acid (9)
Scrolls
 d - 2 scrolls of identify
 e - 2 scrolls of teleportation
Potions
 g - a potion of curing


   Skills:
 + Level 6.9 Fighting
 + Level 2.2 Short Blades
 + Level 2.2 Long Blades
 + Level 5.1 Axes
 + Level 2.2 Maces & Flails
 + Level 2.2 Polearms
 + Level 2.2 Staves
 + Level 2.2 Slings
 + Level 2.2 Bows
 + Level 2.2 Crossbows
 + Level 2.2 Throwing
 + Level 5.1 Armour
 + Level 3.4 Dodging
 + Level 2.2 Stealth
 + Level 2.2 Shields
 + Level 2.2 Unarmed Combat
 + Level 2.2 Spellcasting
 + Level 1.8 Conjurations
 + Level 1.8 Hexes
 + Level 1.8 Summonings
 + Level 1.8 Necromancy
 + Level 1.8 Translocations
 + Level 1.8 Transmutations
 + Level 1.8 Fire Magic
 + Level 1.8 Ice Magic
 + Level 1.8 Air Magic
 + Level 1.8 Earth Magic
 + Level 1.8 Poison Magic
 + Level 5.2 Invocations
 + Level 2.2 Evocations


You had 10 spell levels left.
You didn't know any spells.
Your spell library was empty.

Dungeon Overview and Level Annotations

Branches:
Dungeon (4/15)
 Temple: D:4-7

Altars:


Innate Abilities, Weirdness & Mutations

You have very sharp teeth.
Your uncanny sense of smell can sniff out nearby items.
Your experience applies equally to all skills.


Message History

You see here 15 stones.
An adder comes into view.
The adder hisses angrily.
A wyvern comes into view.
The adder barely misses you.
You barely miss the adder. The adder bites you but does no damage.
The adder closely misses you.
You miss the adder. The adder barely misses you.
You slash the adder! Your bite misses the adder.
The adder is almost dead.
The adder bites you but does no damage.
You hit the adder.
You kill the adder!
Lugonu accepts your kill. The wyvern bites you!
Your life force feels restored.
You hit the wyvern but do no damage. The wyvern bites you.
The wyvern bites you but does no damage.
You hit the wyvern but do no damage. The wyvern closely misses you.
You hit the wyvern but do no damage. The wyvern bites you!
The wyvern bites you but does no damage.
You closely miss the wyvern. You bite the wyvern, but do no damage.
The wyvern closely misses you. The wyvern bites you.
You hit the wyvern. You bite the wyvern, but do no damage.
The wyvern is lightly wounded.
The wyvern bites you.
You hit the wyvern but do no damage.
The wyvern is lightly wounded.
The wyvern bites you!
* * * LOW HITPOINT WARNING * * *
The wyvern bites you.
* * * LOW HITPOINT WARNING * * *
You slash the wyvern!
The wyvern is heavily wounded.
The wyvern bites you!
* * * LOW HITPOINT WARNING * * *
You hit the wyvern. Your bite misses the wyvern.
The wyvern is heavily wounded.
The wyvern bites you.
You die...

######## †......#
######.# #.# ###
#####.#####..∆∆ ..
#...........# #.
#.###.####### .# #.#
#.# ###l### ##.###.#
#.@...#
#...##.########.###.#
..#....#.....(..#
#..)#..#.######.#
.......#.# #...
#####.##.######.....
#<..........#####
####.######## #.#


You could see a wyvern.

Vanquished Creatures
  Sigmund (D:2)
  A necrophage (D:4)
  A hound skeleton (D:4)
  Robin (D:2)
  3 adders
  9 gnolls
  A worm (D:2)
  A dart slug (D:2)
  3 orcs (D:4)
  8 ball pythons
  4 endoplasms
  2 giant cockroaches
  17 goblins
  8 hobgoblins
  9 jackals
  8 kobolds
  3 quokkas
  5 bats
  4 frilled lizards
  4 rats
93 creatures vanquished.

Vanquished Creatures (others)
  8 plants (D:3)
8 creatures vanquished.

Grand Total: 101 creatures vanquished

Notes
Turn   | Place    | Note
-------+----------+-------------------------------------------
     0 | Abyss:1  | Gargoyl the Gnoll Abyssal Knight began the quest for the
                  | Orb.
     0 | Abyss:1  | Reached XP level 1. HP: 23/23 MP: 3/3
    35 | Abyss:2  | Noticed a large abomination
    36 | D:1      | Escaped the Abyss
   180 | D:1      | Reached * piety under Lugonu
   256 | D:1      | Reached XP level 2. HP: 27/29 MP: 5/5
   496 | D:1      | Found a faded altar of an unknown god.
   685 | D:1      | Reached XP level 3. HP: 35/35 MP: 6/6
  1000 | D:2      | You fall into a shaft and drop 2 floors!
  1107 | D:3      | Reached ** piety under Lugonu
  1113 | D:3      | Reached skill level 1 in Short Blades
  1113 | D:3      | Reached skill level 1 in Long Blades
  1113 | D:3      | Reached skill level 1 in Maces & Flails
  1113 | D:3      | Reached skill level 1 in Polearms
  1113 | D:3      | Reached skill level 1 in Staves
  1113 | D:3      | Reached skill level 1 in Slings
  1113 | D:3      | Reached skill level 1 in Bows
  1113 | D:3      | Reached skill level 1 in Crossbows
  1113 | D:3      | Reached skill level 1 in Throwing
  1113 | D:3      | Reached skill level 1 in Stealth
  1113 | D:3      | Reached skill level 1 in Shields
  1113 | D:3      | Reached skill level 1 in Unarmed Combat
  1113 | D:3      | Reached skill level 1 in Spellcasting
  1113 | D:3      | Reached skill level 1 in Evocations
  1118 | D:3      | Reached XP level 4. HP: 14/41 MP: 7/7
  1798 | D:2      | Reached skill level 1 in Conjurations
  1798 | D:2      | Reached skill level 1 in Hexes
  1798 | D:2      | Reached skill level 1 in Summonings
  1798 | D:2      | Reached skill level 1 in Necromancy
  1798 | D:2      | Reached skill level 1 in Translocations
  1798 | D:2      | Reached skill level 1 in Transmutations
  1798 | D:2      | Reached skill level 1 in Fire Magic
  1798 | D:2      | Reached skill level 1 in Ice Magic
  1798 | D:2      | Reached skill level 1 in Air Magic
  1798 | D:2      | Reached skill level 1 in Earth Magic
  1798 | D:2      | Reached skill level 1 in Poison Magic
  1893 | D:2      | Noticed Robin
  2285 | D:2      | Reached XP level 5. HP: 40/47 MP: 8/8
  2456 | D:2      | Killed Robin
  2695 | D:2      | Noticed Sigmund
  2703 | D:2      | Killed Sigmund
  2704 | D:2      | Reached skill level 5 in Axes
  2704 | D:2      | Reached skill level 5 in Armour
  2704 | D:2      | Reached skill level 5 in Invocations
  2704 | D:2      | Reached XP level 6. HP: 44/53 MP: 9/9
  3776 | D:4      | Noticed a necrophage
  3798 | D:4      | Killed a necrophage
  3981 | D:4      | Reached XP level 7. HP: 37/57 MP: 10/10
  3987 | D:4      | Reached *** piety under Lugonu
  4224 | D:4      | Noticed a wyvern
  4237 | D:4      | Slain by a wyvern

Illustrated notes

Levels and vault maps discovered:
D:1:      dpeg_arrival_water_temple_mockup, layout_basic,
          hellmonk_ecumenical_altar_slurped_away
D:2:      layout_basic, kennysheep_doodads, uniq_sigmund, uniq_robin
D:3:      layout_basic, minivault_25, minmay_fountain_box, serial_bayou_lake_a
D:4:      layout_loops_ring, minmay_goblin_kobold_house

Skill      XL: |  1  2  3  4  5  6 |
---------------+-------------------+-----
Short Blades   | 1 2 |  2.2
Long Blades    | 1 2 |  2.2
Maces & Flails | 1 2 |  2.2
Polearms       | 1 2 |  2.2
Staves         | 1 2 |  2.2
Slings         | 1 2 |  2.2
Bows           | 1 2 |  2.2
Crossbows      | 1 2 |  2.2
Throwing       | 1 2 |  2.2
Stealth        | 1 2 |  2.2
Shields        | 1 2 |  2.2
Unarmed Combat | 1 2 |  2.2
Spellcasting   | 1 2 |  2.2
Evocations     | 1 2 |  2.2
Conjurations   | 1 |  1.8
Hexes          | 1 |  1.8
Summonings     | 1 |  1.8
Necromancy     | 1 |  1.8
Translocations | 1 |  1.8
Transmutations | 1 |  1.8
Fire Magic     | 1 |  1.8
Ice Magic      | 1 |  1.8
Air Magic      | 1 |  1.8
Earth Magic    | 1 |  1.8
Poison Magic   | 1 |  1.8
Axes           | 5 |  5.1
Armour         | 5 |  5.1
Dodging        | 3 |  3.4
Invocations    | 5 |  5.2
Fighting       | |  6.9

Action                   |  1- 3 |  4- 6 |  7- 9 || total
-------------------------+-------+-------+-------++-------
Melee: Hand axe          |    80 |   173 |    56 ||   309
       Bite              |     7 |    21 |     6 ||    34
       Punch             |     1 |     4 |       ||     5
Invok: Depart the Abyss  |     1 |       |       ||     1
       Bend Space        |       |     1 |       ||     1
  Use: Scroll            |     3 |     3 |       ||     6
       Potion            |       |     2 |       ||     2
Armor: Leather armour    |    15 |       |       ||    15
       Scale mail        |    15 |    91 |    34 ||   140
Dodge: Dodged            |    62 |   127 |    38 ||   227

Table legend: (Time is in decaauts)
 A = Elapsed time spent in this place.
 B = Non-inter-level travel time spent in this place.
 C = Inter-level travel time spent in this place.
 D = Time resting spent in this place.
 E = Time spent auto-exploring this place.
 F = Levels seen in this place.
 G = Mean time per level.
                   A        B        C        D        E       F      G
               +--------+--------+--------+--------+--------+-----+--------+
         Total |   4304 |   4206 |     98 |    651 |   2670 |   6 |  717.3 |
       Dungeon |   4269 |   4171 |     98 |    651 |   2639 |   4 | 1067.2 |
         Abyss |     35 |     35 |      0 |      0 |     31 |   2 |   17.5 |
               +--------+--------+--------+--------+--------+-----+--------+

Top non-repeatable levels by time:
     D:1: 1472 daAuts
     D:2: 1071 daAuts
     D:3: 1049 daAuts
     D:4: 675 daAuts
 Abyss:2: 23 daAuts
 Abyss:1: 12 daAuts
